Map: Central Protocol

Players

Happy - Winner!

  • Race: Terran Terran
  • League: Grandmaster

SortOf

  • Race: Zerg Zerg
  • League: Grandmaster

Event: 2016 WCS Winter Challenger Europe

VOD

Have the link to the VOD?

Description

Time

  • Played on: Feb. 13, 2016, 11:08 a.m.
  • Length: 10:04

All games in this series

Show
View Real Time Build Order
Export as new Build Order

Happy Terran - Winner!

Build Orders: Reaper Expand, MMM Bio 

Get SALT Encoding   

  12  0:00  SCV  
  13  0:13  SCV  
  14  0:17  Supply Depot  
  14  0:25  SCV  
  15  0:39  SCV  
  15  0:40  Barracks  
  16  0:44  Refinery  
  16  0:51  SCV  
  17  1:03  SCV  
  18  1:15  SCV  
  19  1:27  Reaper, Orbital Command  
  20  1:40  Command Center  
  20  1:45  Refinery  
  20  1:53  SCV  
  21  1:57  Supply Depot  
  21  2:05  SCV  
  22  2:09  Factory  
  22  2:16  Barracks Reactor  
  22  2:18  SCV  
  23  2:30  SCV  
  24  2:42  SCV  
  25  2:48  Supply Depot x2  
  24  2:54  SCV, Hellion, Marine x2  
  28  3:00  Starport  
  28  3:09  SCV  
  29  3:17  Hellion, Marine x2  
  30  3:35  SCV  
  30  3:38  Armory  
  31  3:46  Hellion x2, Marine  
  31  3:47  Medivac  
  31  3:48  SCV  
  39  4:08  Supply Depot  
  39  4:11  Hellion x2  
  43  4:19  Command Center  
  43  4:24  SCV  
  44  4:33  Hellion  
  44  4:34  Liberator  
  44  4:35  Hellion  
  48  4:39  SCV  
  49  5:10  Hellion x2  
  49  5:11  SCV  
  54  5:15  Barracks Tech Lab  
  54  5:21  Liberator  
  54  5:23  SCV  
  52  5:39  SCV  
  52  5:46  SCV  
  52  5:48  Hellion x2  
  49  5:51  SCV  
  49  5:52  Marine  
  49  5:53  Stimpack  
  51  6:01  Orbital Command  
  51  6:05  Bunker  
  51  6:07  Liberator  
  51  6:12  Marine  
  51  6:17  SCV  
  53  6:19  Supply Depot x2  
  56  6:29  SCV  
  57  6:33  Factory Reactor  
  57  6:43  Hellion x2  
  55  6:55  Marine  
  55  6:56  SCV x2  
  55  7:01  Barracks, Engineering Bay  
  54  7:03  Supply Depot  
  54  7:05  Barracks  
  52  7:08  Supply Depot, SCV  
  52  7:09  Supply Depot  
  52  7:10  Starport Reactor  
  52  7:14  Marine  
  50  7:19  Factory Tech Lab  
  44  7:34  SCV  
  39  7:40  SCV  
  39  7:42  Siege Tank  
  41  7:46  SCV  
  41  7:49  Hellion x2  
  41  7:52  Medivac x2  
  41  7:53  SCV  
  41  7:54  Combat Shields, Marine  
  41  7:56  Engineering Bay  
  41  7:58  SCV  
  48  7:59  Supply Depot  
  48  8:05  SCV  
  49  8:07  Marine  
  49  8:08  Marine x3  
  49  8:10  SCV  
  49  8:11  Marine  
  55  8:14  Siege Tank  
  58  8:21  SCV  
  58  8:22  Refinery, SCV  
  58  8:23  Refinery  
  58  8:25  Marine  
  61  8:33  SCV  
  62  8:34  SCV  
  62  8:39  Marine x3  
  66  8:46  SCV x2  
  68  8:49  Supply Depot  
  68  8:55  Siege Tank  
  71  8:58  SCV x2  
  71  8:59  Supply Depot, Barracks, Marine  
  74  9:10  SCV x2  
  74  9:19  Marine x3  
  74  9:22  SCV x2, Medivac  
  74  9:27  Siege Tank, Marine x2  
  74  9:28  Medivac  
  81  9:34  SCV  
  81  9:35  SCV  
  83  9:39  Marine x2  
  83  9:45  Marine  
Show
View Real Time Build Order
Export as new Build Order

SortOf Zerg 

Build Orders: Pool First 

Get SALT Encoding   

  12  0:00  Drone  
  13  0:08  Drone  
  14  0:15  Extractor  
  14  0:16  Drone  
  14  0:33  Spawning Pool  
  13  0:35  Drone  
  14  0:45  Drone, Extractor  
  15  0:52  Overlord  
  15  1:20  Metabolic Boost, Queen  
  15  1:21  Zergling x2  
  15  1:24  Zergling x2  
  19  1:26  Zergling x2  
  20  1:33  Zergling x2  
  21  1:44  Zergling x2  
  22  1:51  Evolution Chamber  
  21  2:02  Zergling x2  
  22  2:20  Hatchery  
  22  2:21  Overlord  
  21  2:26  Zergling x2  
  21  2:38  Zergling x2  
  21  2:39  Zergling x4  
  24  2:45  Zergling x2  
  25  2:52  Drone  
  26  3:05  Drone x2  
  28  3:06  Queen  
  26  3:28  Drone x2  
  26  3:29  Drone  
  25  3:36  Drone x2  
  25  3:37  Drone x2  
  28  3:52  Queen  
  28  3:53  Overlord  
  28  3:54  Drone  
  28  3:55  Drone  
  32  3:57  Drone  
  32  4:03  Drone  
  32  4:09  Overlord  
  33  4:13  Drone x2  
  33  4:14  Drone  
  33  4:16  Drone  
  37  4:22  Roach Warren  
  36  4:26  Drone  
  37  4:32  Zergling x8  
  37  4:36  Zergling x2  
  42  4:40  Zergling x6  
  42  4:43  Zergling x2  
  46  4:46  Overlord  
  46  4:57  Zergling x6  
  46  4:59  Zergling x4  
  45  5:03  Roach  
  44  5:11  Roach x4  
  50  5:23  Roach x2  
  49  5:32  Roach  
  49  5:35  Zergling x2, Queen  
  50  5:40  Drone x2  
  47  5:47  Queen  
  47  5:53  Drone x2  
  47  5:56  Roach  
  49  5:58  Extractor  
  49  6:02  Roach  
  50  6:11  Ravager  
  47  6:12  Queen  
  47  6:16  Ravager  
  43  6:31  Drone  
  44  6:37  Drone  
  45  6:41  Drone  
  39  6:51  Drone  
  36  7:02  Drone  
  36  7:07  Drone  
  37  7:09  Drone  
  37  7:12  Drone  
  37  7:16  Drone  
  37  7:19  Drone  
  39  7:26  Drone  
  39  7:28  Drone  
  41  7:37  Drone  
  41  7:43  Drone x2  
  41  7:44  Drone  
  43  7:49  Queen x2  
  41  8:00  Drone x3  
  43  8:08  Ravager  
  43  8:09  Roach  
  45  8:19  Drone x2  
  46  8:24  Ravager  
  46  8:25  Queen  
  47  8:32  Drone x2  
  47  8:33  Drone  
  50  8:36  Ravager  
  50  8:40  Drone  
  50  8:41  Drone  
  53  8:44  Drone  
  55  8:48  Drone  
  55  8:51  Overlord  
  56  8:55  Zergling x2  
  56  8:58  Roach  
  56  9:02  Roach  
  60  9:05  Extractor  
  60  9:07  Evolution Chamber  
  54  9:21  Roach  
  54  9:23  Drone x4  
  54  9:24  Drone x2  
  59  9:27  Drone x2  
  61  9:36  Drone x3  
  64  9:40  Drone  
Tags
 
Add a new tag
Caveats
  • Supply blocks, unpowered buildings, or Contaminate may cause inaccurate times.
  • Supply counts are checked every 10 seconds.